 Dungeon Crawl Stone Soup version 0.18-a0-1171-ga8e22e7 (webtiles) character file.

160416 Ijustatesigmund the Agent of Entropy (level 17, -2/137 HPs)
             Began as a Demonspawn Abyssal Knight on Jan 22, 2016.
             Was a Priest of Lugonu.
             Slain by a naga mage
             ... wielding a +0 spear
              (11 damage)
             ... on level 4 of the Snake Pit on Jan 26, 2016.
             The game lasted 03:03:27 (50653 turns).

Ijustatesigmund the Agent of Entropy (DsAK)        Turns: 50653, Time: 03:03:27

Health: -2/137     AC: 30    Str: 14    XL:     17   Next: 18%
Magic:  25/29      EV: 10    Int: 17    God:    Lugonu [***...]
Gold:   1050       SH: 13    Dex: 18    Spells: 1 memorised, 14 levels left

rFire  + . .     SeeInvis +     Q - +6 morningstar of Midsummer {crush, rPois rC+ MR-}
rCold  + + .     Gourm    .     w - +2 chain mail {rF+}
rNeg   . . .     Faith    .     g - +0 shield of Tartarus {Int+2}
rPois  +         Spirit   .     d - +2 helmet
rElec  .         Dismiss  .     y - +0 cloak
rCorr  .         Reflect  +     (gloves unavailable)
SustAt .         Harm     .     k - +2 pair of boots {Fly}
MR     .....                    p - +3 amulet of reflection
Stlth  ..........               G - ring of see invisible
                                U - +3 ring of evasion

@: lethally poisoned (-2 -> -15), very slightly contaminated, slowed,
constricted, very slow, not resistant to hostile enchantments, extremely
unstealthy
A: claws 3, rough black scales 3, agile 2, cold resistance 1, demonic guardian
2, augmentation 1, freezing cloud immunity
a: Depart the Abyss, Bend Space, Banish, Renounce Religion, Evoke Flight


You were on level 4 of the Snake Pit.
You worshipped Lugonu.
Lugonu was most pleased with you.
You were not hungry.

You visited 4 branches of the dungeon, and saw 29 of its levels.
You visited the Abyss 4 times.
You also visited: Ice Cave and Volcano.

You collected 2799 gold pieces.
You spent 1749 gold pieces at shops.

Inventory:

Hand Weapons
 Q - the +6 morningstar of Midsummer (weapon) {crush, rPois rC+ MR-}
   (You found it on level 3 of the Lair of Beasts)

   It inflicts extra damage upon your enemies.
   It protects you from cold.
   It protects you from poison.
   It affects your resistance to hostile enchantments.
 Z - the +4 flail of Nuzinoc {flame, Int+4}
   (You found it on level 5 of the Lair of Beasts)

   It has been specially enchanted to burn those struck by it, causing extra
   injury to most foes and up to half again as much damage against particularly
   susceptible opponents.
   It affects your intelligence (+4).
Missiles
 l - 6 javelins (quivered)
 v - 5 silver javelins
Armour
 b - a +1 chain mail of magic resistance
 d - a +2 helmet (worn)
 g - the +0 shield of Tartarus (worn) {Int+2}
   (You bought it in a shop on level 2 of the Orcish Mines)

   It affects your intelligence (+2).
 k - a +2 pair of boots of flying (worn)
 o - a +2 pair of gloves
 w - a +2 chain mail of fire resistance (worn)
 y - a +0 cloak (worn)
Jewellery
 f - an uncursed ring of resist corrosion
 p - a +3 amulet of reflection (around neck)
 G - a ring of see invisible (right claw)
 U - a +3 ring of evasion (left claw)
 W - an uncursed ring of wizardry
Wands
 i - a wand of hasting (4/9)
 r - a wand of lightning (4/15)
 x - a wand of cold (3/15)
 A - a wand of disintegration (15/24)
 J - a wand of draining (0/15)
 K - a wand of fire (11/15)
 L - a wand of teleportation (4/9)
 P - a wand of polymorph (9/24)
Scrolls
 j - 3 scrolls of teleportation
 q - 2 scrolls of enchant weapon
 C - 7 scrolls of remove curse
 H - 3 scrolls of amnesia
 N - 4 scrolls of recharging
 S - a scroll of blinking
 T - a scroll of fear
 V - 2 scrolls of identify
 Y - a scroll of magic mapping
Potions
 a - a potion of cure mutation
 e - 2 potions of brilliance
 m - 6 potions of magic
 n - 2 potions of resistance
 s - a potion of flight
 t - 2 potions of agility
 u - a potion of heal wounds
 z - 7 potions of might
 O - 8 potions of curing
 R - 2 potions of cancellation
 X - 4 potions of berserk rage
Books
 h - a book of Unlife

   Spells                             Type                      Level
   a - Recall                         Summoning/Translocation      3
   b - Animate Dead                   Necromancy                   4
   c - Control Undead                 Necromancy                   4
   d - Cigotuvi's Embrace             Necromancy                   5
   e - Death Channel                  Necromancy                   6
   f - Simulacrum                     Ice/Necromancy               6
 D - a book of Enchantments

   Spells                             Type                      Level
   a - Cause Fear                     Hexes                        4
   b - Yara's Violent Unravelling     Hexes/Transmutation          5
   c - Silence                        Hexes/Air                    5
   d - Deflect Missiles               Charms/Air                   6
   e - Haste                          Charms                       6
   f - Discord                        Hexes                        8
Miscellaneous
 E - a phantom mirror
 I - a fan of gales
 M - a piece from Xom's chessboard
Comestibles
 c - 7 bread rations
 B - 10 meat rations


   Skills:
 - Level 13.3 Fighting
 - Level 14.0 Maces & Flails
 - Level 13.2 Throwing
 - Level 7.1 Armour
 - Level 10.2 Dodging
 - Level 5.0 Stealth
 - Level 7.0 Shields
 - Level 4.4 Charms
 - Level 4.1 Air Magic
 + Level 16.1 Invocations
 - Level 2.7 Evocations


You had 14 spell levels left.
You knew the following spells:

 Your Spells              Type           Power        Failure   Level  Hunger
a - Swiftness             Chrm/Air       ##......     100%        2    ###....


Dungeon Overview and Level Annotations

Branches:
Dungeon (15/15)              Lair (8/8) D:9          Shoals (0/4) Lair:4
  Snake (4/4) Lair:4        Slime (0/6) Lair:7          Orc (2/2) D:9
    Elf (0/3) Orc:2        Vaults (0/5) D:14         Depths (0/5) D:15
 Temple: D:4-7

Altars:
Ashenzari
Elyvilon
Fedhas
Kikubaaqudgha
Makhleb
Nemelex Xobeh
Okawaru
Pakellas
Qazlal
Trog
Vehumet
The Shining One
Beogh
Jiyva

Shops:
D:9 }   Orc:2 *([[

Annotations:
Abyss:1 Erica, Grinder, Joseph, Maurice, Nergalle, Snorg, Sonja


Innate Abilities, Weirdness & Mutations

You have claws for hands.
You are completely covered in rough black scales (AC +10, Dex -3).
Your flesh is cold resistant.
A demonic guardian rushes to your aid.
Your magical and physical power is slightly enhanced at high health.
You are immune to freezing clouds.
You are very agile. (Dex +4)


Message History

You feel very sick.
The naga shouts!
The guardian serpent shouts!
The black mamba hisses angrily.
You block the anaconda's attack. The anaconda constricts you.
The guardian serpent gestures with its tail.
The guardian serpent closely misses you.
You block the anaconda's attack. The guardian serpent barely misses you.
The anaconda barely misses you. The anaconda constricts you.
You block the naga's attack. You block the naga mage's attack.
The anaconda bites you but does no damage.
You block the guardian serpent's attack.
The guardian serpent hits you but does no damage.
The naga mage hits you with a spear.
* * * LOW HITPOINT WARNING * * *
The guardian serpent weaves intricate patterns with the tip of its tongue.
The naga mage mumbles some strange words.
The naga mage seems to speed up.
The anaconda bites you.
* * * LOW HITPOINT WARNING * * *
x2 The anaconda constricts you.
The naga mage hits you from afar with a spear!
You die...

,,,,**,,,,**,,,,,,,,,##..........
,,,,,*,,,,#....(⌠.....#..........
,,,,**,,,##...........##.........
,**,*,,,,#....8...8....#.........
*****,,,*#.⌠.........⌠.##........
,,,,,,,,*.....8...8.....#.)..####
,,,,,,,,*....NSS.NNN....#..### #
,,,,,,,,*....N8SNS8SN...#..# #
*,,,,,,**...⌠NNS@NNNS...#.## #
***,,,***....N8SNN8S§...#.# #
*,,,* *....NNSNNNSS...#.# * *,,,*
*.....8SS.8N....### * ***,*
*..⌠......§S.⌠..# * ***
*....N8...8..S..#
*#.........N...## #...##...##[N.#
**,,,**,**,,,**


You could see a naga warrior, 5 greater nagas, a naga sharpshooter, 4 anacondas,
2 naga ritualists, 2 mana vipers, 8 guardian serpents, 2 black mambas, 6 naga
magi and 9 nagas.

Vanquished Creatures
  Vashnia (Snake:2)
  A yaktaur captain (D:15)
  9 naga warriors
  A rakshasa (D:15)
  5 hydras
  14 anacondas
  5 centaur warriors
  11 naga sharpshooters
  An orc high priest (D:13)
  5 shock serpents
  A salamander mystic (Snake:3)
  A wretched star (Abyss:1)
  A naga ritualist (Snake:3)
  3 lindwurms (Lair:5)
  5 hill giants
  A necromancer (D:14)
  Pikel (D:5)
  2 wolf spider zombies
  A wolf spider (Lair:8)
  An orc sorcerer (Orc:2)
  6 mana vipers
  An orb spider (shapeshifter) (D:15)
  2 ugly things
  2 deep elf magi
  A worldbinder (Abyss:1)
  2 griffons (Lair:6)
  2 cyclopes
  6 salamanders
  A siren (Lair:4)
  3 molten gargoyles (Volcano)
  2 large abominations (Abyss:1)
  34 black mambas
  11 elephants
  A manticore (D:15)
  13 naga magi
  An ice statue (IceCv)
  19 spiny frogs
  3 guardian serpents
  4 gargoyles
  6 komodo dragons
  2 torpor snails
  3 fire drakes
  2 ancient zymes (Abyss:1)
  19 polar bears
  8 trolls
  2 two-headed ogres
  A merfolk (Lair:4)
  Prince Ribbit (D:5)
  13 blink frogs
  4 slime creatures (D:14)
  2 wraiths
  A vampire (D:14)
  A tarantella (shapeshifter) (D:12)
  A shadow (Abyss:1)
  3 wyverns
  A human (D:10)
  2 fire elementals (Volcano)
  Grum (D:10)
  67 yaks
  A basilisk (Lair:3)
  6 vampire mosquitoes
  A mottled dragon (D:15)
  2 hogs (D:10)
  14 hippogriffs
  22 nagas
  34 wolves
  30 water moccasins
  12 porcupines
  3 ice beasts
  35 orc warriors
  2 slaves (D:5)
  5 black bears
  6 sky beasts
  5 ogres
  5 phantoms
  9 wasps
  15 centaurs
  12 crocodiles
  27 giant frogs
  Dowan (D:5)
  A wyvern skeleton (D:14)
  11 scorpions
  16 killer bees
  4 small abominations (Abyss:1)
  A troll zombie (D:9)
  16 wights
  2 electric eels
  A vampire bat (D:7)
  10 crimson imps
  3 giant frog zombies
  4 jellies
  2 quasits
  3 centaur zombies
  8 hounds
  A gnoll shaman (D:6)
  5 centaur skeletons
  21 orc priests
  4 giant frog skeletons
  21 orc wizards
  Terence (D:3)
  12 iguanas
  4 hell rats (Lair:3)
  15 worker ants
  16 sheep
  3 ogre zombies (D:9)
  A hound zombie (D:4)
  A worker ant zombie (D:5)
  17 gnolls
  67 river rats
  23 adders
  2 shadow imps
  2 white imps (Abyss:1)
  4 oozes
  An adder skeleton (D:4)
  An adder zombie (D:5)
  12 worms
  3 giant geckos
  83 orcs
  5 ball pythons
  9 bats
  5 bat zombies (D:7)
  10 giant cockroaches
  18 goblins
  13 hobgoblins
  17 jackals
  5 kobolds
  A quokka (D:2)
  A giant gecko skeleton (D:4)
  4 giant newts
  A goblin skeleton (D:9)
  4 goblin zombies (D:9)
  A hobgoblin zombie (D:9)
  An orc skeleton (D:9)
  8 orc zombies (D:9)
  9 rats
  3 fire vortices (Volcano)
  2 fungi (Lair:7)
  2 plants
  A starspawn tentacle (Abyss:1)
1093 creatures vanquished.

Vanquished Creatures (collateral kills)
  A tentacled starspawn (Abyss:1)
  A greater naga (Snake:2)
  3 naga warriors
  An orc high priest (Orc:1)
  A shock serpent (Snake:2)
  2 naga sharpshooters
  A soul eater (Abyss:1)
  A naga ritualist (Snake:4)
  An ugly thing (D:14)
  A wolf spider (Lair:8)
  An orc sorcerer (D:13)
  5 black mambas
  A guardian serpent (Snake:3)
  A centaur skeleton (D:8)
  2 spiny frogs
  A blink frog (Lair:1)
  A wraith (D:14)
  A wyvern (D:9)
  The ghost of Borgoz the Chopper, an amateur DDBe of Trog (D:4)
  7 yaks
  A basilisk (Lair:7)
  2 wolves
  4 nagas
  Duvessa (D:5)
  2 water moccasins
  2 orc warriors (Orc:2)
  A slave (D:5)
  2 sky beasts (D:6)
  A centaur (Orc:2)
  A big kobold (D:8)
  3 giant frogs
  3 wights
  A jelly (D:11)
  An iguana (Lair:3)
  An orc wizard (Orc:2)
  A sheep (Lair:7)
  2 adders
  An adder skeleton (D:5)
  A giant gecko (D:5)
  6 orcs
  4 kobolds (D:8)
  A hobgoblin zombie (D:9)
  A jackal skeleton (D:9)
  2 orc zombies (D:9)
79 creatures vanquished.

Vanquished Creatures (others)
  2 naga warriors
  2 hydras (Lair:3)
  A centaur warrior (D:14)
  An anaconda (Snake:4)
  5 naga sharpshooters
  A shock serpent (Snake:2)
  An unseen horror (D:10)
  A hill giant (D:12)
  A lindwurm (Lair:5)
  2 orc knights
  2 ugly things
  An orc sorcerer (D:13)
  A cyclops (Orc:1)
  2 elephants (Lair:7)
  2 salamanders
  A guardian serpent (Lair:8)
  2 spiny frogs
  2 black mambas
  3 komodo dragons
  A yaktaur (D:15)
  A polar bear (IceCv)
  2 boulder beetles
  A yak (IceCv)
  A hill giant zombie (D:9)
  A naga (Snake:2)
  A wolf (IceCv)
  5 orc warriors
  3 centaurs (Orc:2)
  A small abomination (Abyss:1)
  3 killer bees (D:8)
  A troll zombie (D:9)
  A wasp zombie (D:8)
  A worker ant (D:10)
  A hell rat (Lair:3)
  3 orcs (Orc:2)
  A fire vortex (Volcano)
  43 fungi
  A lurking horror (Abyss:1)
  45 plants
  4 starspawn tentacles (Abyss:1)
  63 starspawn tentacle segments (Abyss:1)
217 creatures vanquished.

Grand Total: 1389 creatures vanquished

Notes
Turn   | Place    | Note
--------------------------------------------------------------
     0 | Abyss:1  | Ijustatesigmund the Demonspawn Abyssal Knight began the quest for the Orb.
     0 | Abyss:1  | Reached XP level 1. HP: 18/18 MP: 2/2
    11 | D:1      | Escaped the Abyss
   247 | D:1      | Reached skill level 1 in Dodging
   253 | D:1      | Gained mutation: You are partially covered in rough black scales (AC +4, Dex -1). [demonic ancestry]
   253 | D:1      | Reached XP level 2. HP: 5/24 MP: 3/3
   561 | D:1      | Reached ** piety under Lugonu
   594 | D:1      | Reached XP level 3. HP: 21/29 MP: 4/4
  1509 | D:2      | Reached XP level 4. HP: 37/37 MP: 5/5
  1617 | D:2      | Reached skill level 1 in Throwing
  1948 | D:2      | Noticed Terence
  1977 | D:3      | Reached *** piety under Lugonu
  2002 | D:3      | Found a burning altar of Makhleb.
  2017 | D:3      | Reached skill level 4 in Fighting
  2171 | D:3      | Found a bloodstained altar of Trog.
  2246 | D:3      | Gained mutation: You are mostly covered in rough black scales (AC +7, Dex -2). [demonic ancestry]
  2246 | D:3      | Reached XP level 5. HP: 42/42 MP: 7/7
  2297 | D:3      | Found an oddly glowing altar of Pakellas.
  2777 | D:3      | Found a blossoming altar of Fedhas.
  2940 | D:3      | Killed Terence
  3043 | D:2      | Found a sparkling altar of Nemelex Xobeh.
  3357 | D:4      | Noticed Borgoz's ghost (amateur DDBe)
  3548 | D:5      | Entered Level 5 of the Dungeon
  3896 | D:5      | Gained mutation: Your flesh is cold resistant. [demonic ancestry]
  3896 | D:5      | Reached XP level 6. HP: 49/49 MP: 8/8
  4299 | D:4      | Reached **** piety under Lugonu
  4339 | D:4      | Noticed Grinder
  4346 | D:4      | Paralysed by Grinder for 3 turns
  4349 | D:4      | Banished Grinder
  4349 | D:4      | Reached skill level 5 in Fighting
  4349 | D:4      | Gained mutation: A weak demonic guardian rushes to your aid. [demonic ancestry]
  4349 | D:4      | Reached XP level 7. HP: 53/56 MP: 10/10
  4471 | D:4      | Reached skill level 5 in Invocations
  4855 | D:4      | Killed Borgoz's ghost
  4855 | D:4      | Reached skill level 5 in Maces & Flails
  4893 | D:5      | Noticed Prince Ribbit
  4903 | D:6      | Found an oddly glowing altar of Pakellas.
  5083 | D:6      | Found a shattered altar of Ashenzari.
  5266 | D:6      | Gained mutation: You are immune to freezing clouds. [demonic ancestry]
  5266 | D:6      | Reached XP level 8. HP: 63/63 MP: 12/12
  5634 | D:6      | Reached skill level 5 in Throwing
  5740 | D:6      | Found an iron altar of Okawaru.
  6085 | D:5      | Reached skill level 6 in Throwing
  6193 | D:5      | Found a stormy altar of Qazlal.
  6197 | D:5      | Noticed Duvessa
  6204 | D:5      | Noticed Dowan
  6208 | D:5      | Killed Duvessa
  6225 | D:5      | Killed Dowan
  6230 | D:5      | Killed Prince Ribbit
  6230 | D:5      | Gained mutation: You are completely covered in rough black scales (AC +10, Dex -3). [demonic ancestry]
  6230 | D:5      | Reached XP level 9. HP: 43/69 MP: 13/13
  6240 | D:5      | Got an ancient leather armour
  6251 | D:5      | Identified the +1 leather armour "Ceicvuutzi" {rF- Str+2 Int+3} (You found it on level 5 of the Dungeon)
  6550 | D:5      | Found a glowing golden altar of the Shining One.
  6649 | D:5      | Noticed Pikel
  6972 | D:5      | Killed Pikel
  7438 | D:7      | Found a white marble altar of Elyvilon.
  7477 | D:7      | Found a radiant altar of Vehumet.
  7485 | D:7      | Reached skill level 7 in Invocations
  7601 | D:7      | Found a white marble altar of Elyvilon.
  7662 | D:7      | Found an ancient bone altar of Kikubaaqudgha.
  7665 | D:7      | Reached ***** piety under Lugonu
  8592 | D:8      | Reached skill level 8 in Invocations
  8608 | D:8      | Noticed Joseph
  8613 | D:8      | Found a burning altar of Makhleb.
  8657 | D:8      | Noticed Maurice
  8662 | D:8      | Banished Joseph
  8662 | D:8      | Gained mutation: You have sharp fingernails. [demonic ancestry]
  8662 | D:8      | Reached XP level 10. HP: 27/79 MP: 16/16
  8663 | D:8      | Banished Maurice
  8942 | D:8      | Got an ivory scimitar
  8943 | D:8      | Identified the +5 scimitar of the Five Cities {flame, Int+6 Dex-3} (You found it on level 8 of the Dungeon)
 10090 | D:9      | Found Biczapuh's Gadget Boutique.
 10282 | D:9      | Found a staircase to the Orcish Mines.
 11069 | D:9      | Found a blossoming altar of Fedhas.
 11380 | D:9      | Found a staircase to the Lair.
 11531 | D:9      | Reached skill level 9 in Maces & Flails
 11610 | D:10     | Entered Level 10 of the Dungeon
 11872 | D:10     | Noticed an unseen horror
 11914 | D:10     | Banished an unseen horror
 11914 | D:10     | Reached skill level 5 in Armour
 12180 | D:10     | Noticed a hill giant
 12195 | D:10     | Killed a hill giant
 12492 | D:10     | Reached skill level 5 in Dodging
 12520 | D:10     | Reached XP level 11. HP: 84/84 MP: 17/17
 13253 | D:11     | Noticed Nergalle
 13555 | Lair:1   | Entered Level 1 of the Lair of Beasts
 15174 | Lair:2   | Reached skill level 10 in Maces & Flails
 15363 | Lair:2   | You fall through a shaft!
 15670 | Lair:3   | Noticed a seven-headed hydra
 15671 | Lair:3   | Banished a seven-headed hydra
 15848 | Lair:3   | Noticed Snorg
 15856 | Lair:3   | Banished Snorg
 16535 | Lair:3   | Noticed an eight-headed hydra
 17300 | D:11     | Noticed Grum
 17301 | D:11     | Noticed Sonja
 17384 | D:10     | Killed Grum
 17670 | D:10     | HP: 4/87 [poisoned by Sonja (curare-tipped needle)]
 17678 | D:10     | HP: 4/87 [poisoned by Sonja (curare-tipped needle)]
 18243 | D:11     | Cast into level 1 of the Abyss (Sonja)
 18326 | D:11     | Escaped the Abyss
 18342 | D:11     | Reached XP level 12. HP: 62/94 MP: 19/19
 18343 | D:11     | Noticed Erica
 18368 | D:11     | Banished Erica
 18521 | D:11     | Banished Nergalle
 18521 | D:11     | Reached skill level 10 in Invocations
 18641 | D:11     | Banished Sonja
 19478 | D:12     | Upgraded the game from 0.18-a0-1147-g8e8348b to 0.18-a0-1164-g7046a04
 19583 | D:12     | Reached skill level 11 in Maces & Flails
 21240 | D:13     | Found a runed door.
 21393 | D:13     | Noticed an orc high priest
 21419 | D:13     | Killed an orc high priest
 21737 | D:13     | Paralysed by an orc sorcerer for 4 turns
 22075 | D:13     | Found a roughly hewn altar of Beogh.
 22395 | D:14     | Noticed a centaur warrior
 22396 | D:14     | Noticed a six-headed hydra
 22404 | D:14     | Banished a six-headed hydra
 23290 | Lair:3   | Noticed a seven-headed hydra
 23296 | Lair:3   | Killed a seven-headed hydra
 23296 | Lair:3   | Gained mutation: You have very sharp fingernails. [demonic ancestry]
 23296 | Lair:3   | Reached XP level 13. HP: 89/103 MP: 21/21
 23501 | Lair:3   | Reached skill level 10 in Fighting
 23690 | Lair:3   | Got a crude morningstar
 23691 | Lair:3   | Identified the +6 morningstar of Midsummer {crush, rPois rC+ MR-} (You found it on level 3 of the Lair of Beasts)
 24309 | Lair:4   | Reached skill level 12 in Invocations
 24492 | Lair:4   | Found a staircase to the Shoals.
 24875 | Lair:4   | Found a staircase to the Snake Pit.
 26455 | Lair:5   | Reached skill level 13 in Invocations
 27225 | Lair:5   | Got a bloodstained flail
 27226 | Lair:5   | Identified the +4 flail of Nuzinoc {flame, Int+4} (You found it on level 5 of the Lair of Beasts)
 27790 | Lair:6   | Reached XP level 14. HP: 53/113 MP: 23/23
 28841 | Lair:6   | Reached skill level 10 in Throwing
 28936 | Lair:7   | Reached ****** piety under Lugonu
 29055 | Lair:7   | Found a frozen archway.
 29066 | IceCv    | Entered an ice cave
 30086 | IceCv    | Noticed a frost giant
 30116 | IceCv    | Banished a frost giant
 30679 | Lair:7   | Reached skill level 1 in Shields
 32013 | Lair:7   | Found a viscous altar of Jiyva.
 32013 | Lair:7   | Found a staircase to the Slime Pits.
 32052 | Lair:7   | Got a crude long sword
 32053 | Lair:7   | Identified the cursed +0 long sword of the Living Dead {flame, +Rage rF++ Str-2} (You found it on level 7 of the Lair of Beasts)
 32144 | Lair:7   | Got a faintly glowing robe
 32578 | Lair:1   | Reached skill level 5 in Shields
 32592 | Lair:1   | Learned a level 2 spell: Swiftness
 32728 | Lair:8   | Entered Level 8 of the Lair of Beasts
 33709 | Lair:8   | Gained mutation: A demonic guardian rushes to your aid. [demonic ancestry]
 33709 | Lair:8   | Reached XP level 15. HP: 78/118 MP: 24/24
 35895 | Lair:1   | Gained mutation: Scrolls take you a little longer to read. [potion of mutation]
 35895 | Lair:1   | Gained mutation: You are agile. (Dex +2) [potion of mutation]
 35895 | Lair:1   | Gained mutation: You are very agile. (Dex +4) [potion of mutation]
 35957 | Orc:1    | Entered Level 1 of the Orcish Mines
 35963 | Orc:2    | Entered Level 2 of the Orcish Mines
 35963 | Orc:2    | Found a staircase to the Elven Halls.
 36057 | Orc:1    | Found a dark tunnel.
 36066 | Volcano  | Entered a volcano
 37890 | Orc:2    | Reached skill level 1 in Stealth
 38014 | Orc:2    | Paralysed by an orc sorcerer for 4 turns
 38718 | Orc:2    | HP: 5/120 [orc warrior/battleaxe (5)]
 39234 | Orc:2    | Reached skill level 5 in Stealth
 39331 | Orc:2    | Found Iribair's Antique Armour Shop.
 39331 | Orc:2    | Found Gehergh's Weapon Emporium.
 39333 | Orc:2    | Found Sushrism's Assorted Antiques.
 39335 | Orc:2    | Found Guppoy's Armour Boutique.
 39339 | Orc:2    | Bought a faintly humming shield for 294 gold pieces
 39346 | Orc:2    | Bought 2 scrolls labeled BETAFO QAEZXI for 60 gold pieces
 39353 | Orc:2    | Bought a polished steam dragon armour for 1395 gold pieces
 39363 | Orc:2    | Identified the cursed +0 shield of Tartarus {Int+2} (You bought it in a shop on level 2 of the Orcish Mines)
 39373 | Orc:2    | Identified the cursed +0 steam dragon armour of the Grey Skies {Int+2} (You bought it in a shop on level 2 of the Orcish Mines)
 39541 | D:9      | Upgraded the game from 0.18-a0-1164-g7046a04 to 0.18-a0-1171-ga8e22e7
 40411 | D:14     | Found a gate to the Vaults.
 40598 | D:15     | Entered Level 15 of the Dungeon
 41574 | D:15     | Found a glowing golden altar of the Shining One.
 41615 | D:15     | Found a staircase to the Depths.
 41859 | Lair:1   | Gained mutation: Your mind is acute. (Int +2) [potion of mutation]
 41859 | Lair:1   | Gained mutation: You tend to lose your temper in combat. [potion of mutation]
 41859 | Lair:1   | Gained mutation: Your magical capacity is low (-10% MP). [potion of mutation]
 41860 | Lair:1   | Lost mutation: Scrolls take you a little longer to read. [potion of cure mutation]
 41860 | Lair:1   | Lost mutation: You tend to lose your temper in combat. [potion of cure mutation]
 41860 | Lair:1   | Lost mutation: Your magical capacity is low (-10% MP). [potion of cure mutation]
 41860 | Lair:1   | Lost mutation: Your mind is acute. (Int +2) [potion of cure mutation]
 41956 | Snake:1  | Entered Level 1 of the Snake Pit
 42333 | Snake:1  | Reached skill level 1 in Charms
 42480 | Snake:1  | Reached skill level 10 in Dodging
 42642 | Snake:1  | Reached skill level 1 in Air Magic
 42805 | Snake:1  | Gained mutation: Your magical and physical power is slightly enhanced at high health. [demonic ancestry]
 42805 | Snake:1  | Reached XP level 16. HP: 88/129 MP: 25/25
 44732 | Snake:2  | Noticed Vashnia
 45408 | Snake:2  | Killed Vashnia
 45408 | Snake:2  | Reached skill level 14 in Maces & Flails
 46610 | Snake:3  | Reached skill level 1 in Evocations
 47531 | Abyss:1  | Found a corrupted altar of Lugonu.
 47830 | Abyss:1  | Found a corrupted altar of Lugonu.
 47910 | Abyss:1  | Noticed a tentacled starspawn
 47920 | Abyss:1  | Killed a tentacled starspawn
 47986 | Snake:3  | Escaped the Abyss
 47994 | Abyss:1  | Banished Sonja
 48138 | Snake:3  | Escaped the Abyss
 48165 | Snake:3  | HP: 3/131 [naga warrior/morningstar (5)]
 49530 | Snake:3  | Reached skill level 15 in Invocations
 49534 | Snake:3  | Gained mutation: You have claws for hands. [demonic ancestry]
 49534 | Snake:3  | Reached XP level 17. HP: 137/137 MP: 28/28
 49703 | Snake:4  | Entered Level 4 of the Snake Pit
 50265 | Snake:4  | Reached skill level 16 in Invocations
 50652 | Snake:4  | HP: 5/137 [spatial distortion (4)]
 50652 | Snake:4  | HP: 1/137 [greater naga/bolt of poison (5)]
 50653 | Snake:4  | Slain by a naga mage

Vault maps used:
D:1:      dpeg_arrival_line_fractal, serial_glass, glass_columns_b,
          glass_columns_a
D:2:      kennysheep_the_goblin_king, nemelex_xobeh_ov_fountains_minmay,
          uniq_terence
D:3:      overflow_temple_1_default, lemuel_doored_altar, marbit_many_paths,
          serial_glass, glass_columns_a, glass_columns_a, glass_columns_a,
          glass_columns_b, glass_columns_b, minmay_misc_feat_roman,
          grunt_decor_clamped, makhleb_heckhound_becter
D:4:      uniq_grinder
D:5:      nicolae_tso_carved_into_rock, grunt_qazlal_clouds,
          minmay_temple_entry_from_below_a, first_bread, uniq_duvessa,
          uniq_pikel, uniq_prince_ribbit1
D:6:      ashenzari_altar_1, nicolae_overflow_crystal_walls,
          grunt_pakellas_sulfur
D:7:      old_forge, kennysheep_vampire_church, old_standard_altar,
          vehumet_altar_wand_db, basic_altar
D:8:      lemuel_crystal_altar, uniq_joseph, uniq_maurice
D:9:      david_lair_shrubbed, zombieorc1_lemuel, serial_shops,
          nicolae_shop_behind_doors, basic_altar, dk_vineyard_1
D:10:     grunt_livestock
D:11:     uniq_erica, uniq_sonja, uniq_grum, uniq_nergalle
D:12:     hive_lemuel
D:13:     lightli_church_of_beogh
D:14:     david_vaults_1, kennysheep_nub
D:15:     grunt_enter_depths_snipers, hangedman_abyss_or_decor_stabs,
          lemuel_statue_altar
Lair:1:   lemuel_fruit_tree, grunt_megastairs_5, serial_bayou_shore_a
Lair:2:   st_stairs_12
Lair:3:   grunt_megastairs_4, infiniplex_staircase_pool_2, uniq_snorg
Lair:4:   elwin_shoals_entry_rooms, minmay_snake_entry_six_corridors,
          minmay_holes
Lair:5:   minmay_lindwurm_lava
Lair:6:   lemuel_fruit_fields
Lair:7:   gammafunk_lair_bear_cave, dpeg_slime_entry_enclosed_altar,
          portal_ice_cave_entry_pillars_01, serial_bayou_shore_b,
          infiniplex_staircase_pool
Lair:8:   hangedman_lair_tendril_chambers, st_stairs_3, serial_bayou_shore_b
Snake:2:  grunt_ministairs_1, nicolae_snake_salamander_stairs, uniq_vashnia
Snake:3:  hangedman_snake_corridor_cut
Snake:4:  grunt_snake_rune_serpentine_throne, serial_shops, shop, uniq_norris
Orc:1:    nicolae_volcano_entry_hallway, statue_in_the_mist_lemuel
Orc:2:    st_orc_rangers
Abyss:1:  hangedman_abyss_or_decor_jellyfish_corner, evilmike_abyss_exit_plants,
          evilmike_abyss_exit_16, evilmike_abyss_exit_plants
IceCv:    ice_cave_caverns_03
Volcano:  volcano_aerie

Action                   |  1- 3 |  4- 6 |  7- 9 | 10-12 | 13-15 | 16-18 || total
-------------------------+-------+-------+-------+-------+-------+-------++-------
Melee: Mace              |   157 |   267 |   574 |  1011 |       |       ||  2009
       Dire flail        |       |       |       |   366 |       |       ||   366
       Flail             |       |       |       |   211 |    36 |       ||   247
       Morningstar       |       |       |       |       |  2281 |   666 ||  2947
Throw: Javelin           |     2 |    16 |    47 |    32 |    41 |    34 ||   172
Invok: Banish            |       |       |     1 |    38 |    18 |    15 ||    72
       Bend Space        |       |       |       |     7 |     4 |     7 ||    18
       Depart the Abyss  |       |       |       |     1 |       |     2 ||     3
       Enter the Abyss   |       |       |       |       |       |     2 ||     2
 Abil: Stop Flying       |       |       |       |       |     1 |     1 ||     2
       Evoke Flight      |       |       |       |       |       |     1 ||     1
Evoke: Wand              |       |       |     2 |    11 |    12 |     5 ||    30
  Use: Potion            |     1 |       |     4 |     8 |    11 |    10 ||    34
       Scroll            |       |     8 |    11 |    21 |    20 |     9 ||    69
 Stab: Sleeping          |       |     1 |       |       |       |       ||     1
       Distracted        |       |       |     2 |     5 |    11 |       ||    18
       Held in net/web   |       |       |     2 |       |       |       ||     2
       Invisible         |       |       |       |       |     2 |       ||     2
  Eat: Chunk             |     2 |     6 |     7 |    10 |    11 |     5 ||    41
       Beef jerky        |       |     1 |     2 |     2 |     2 |       ||     7
       Fruit             |       |     3 |       |    26 |    11 |     4 ||    44
       Bread ration      |       |       |     1 |     1 |     6 |       ||     8
       Royal jelly       |       |       |       |     5 |     1 |     2 ||     8
       Pizza             |       |       |       |    10 |     2 |       ||    12
       Meat ration       |       |       |       |       |     3 |     4 ||     7
